 Dungeon Sprint DCSS version bcrawl-1.23 (webtiles) character file.

Game seed: 2820529445946518693

12310 Freyura the Bludgeoner (level 11, -4/105 HPs)
             Began as a Minotaur Fighter on May 26, 2020.
             Was the Champion of Qazlal.
             Killed by divine providence
             ... invoked by a smoke demon
              (15 damage)
             ... in the Dungeon (Sprint V: "Ziggurat Sprint").
             The game lasted 00:15:40 (1399 turns).

Freyura the Bludgeoner (Minotaur Fighter)           Turns: 1399, Time: 00:15:40

Health: -4/105     AC: 31    Str: 32    XL:     11   Next: 60%
Magic:  0/17       EV:  8    Int:  5    God:    Qazlal [******]
Gold:   0          SH: 33    Dex: 20    Spells: 10/10 levels left

rFire    + . .     SeeInvis .   m - +6 shillelagh "Devastator" {shatter}
rCold    + . .     Gourm    .   a - +3 large shield
rNeg     . . .     Faith    .   b - +5 gold dragon scales
rPois    +         Spirit   .   (helmet restricted)
rElec    .         Reflect  .   n - +1 cloak {MR+}
rCorr    .         Harm     .   l - +0 pair of fencer's gloves {Riposte Dex+6}
MR       +....     NoTele   +   (no boots)
Stlth    ..........             (no amulet)
HPRegen  0.27/turn              G - +6 ring of strength
MPRegen  0.15/turn              H - +6 ring of strength

@: exhausted, protected from physical damage, repel missiles
A: retaliatory headbutt, horns 2
a: Upheaval, Elemental Force, Disaster Area, Renounce Religion


You were in the Dungeon.
You worshipped Qazlal.
Qazlal was exalted by your worship.
You were not hungry.

You visited 1 branch

Inventory:

Hand Weapons
 m - the +6 shillelagh "Devastator" (weapon) {shatter}
   (You found it in the Dungeon)
 s - the +3 Elemental Staff {rElec rF++ rC++ MR++ AC+5}
   (You found it in the Dungeon)

   It affects your AC (+5).
   It greatly protects you from fire.
   It greatly protects you from cold.
   It insulates you from electricity.
   It affects your resistance to hostile enchantments.
Armour
 a - a +3 large shield (worn)
 b - +5 gold dragon scales (worn)
 l - the +0 pair of fencer's gloves (worn) {Riposte Dex+6}
   (You found it in the Dungeon)

   It affects your dexterity (+6).
 n - a +1 cloak of magic resistance (worn)
 t - the +4 scale mail of the City {MR+}
   (You found it in the Dungeon)

   It affects your resistance to hostile enchantments.
 u - the +2 ring mail of Spite {*Drain rElec Int+4}
   (You found it in the Dungeon)

   It affects your intelligence (+4).
   It insulates you from electricity.
   It causes draining when unequipped.
Jewellery
 c - a +5 ring of protection
 o - a +5 ring of strength
 p - a +3 ring of strength
 q - an uncursed ring of protection from magic
 r - an uncursed ring of ice
 v - the amulet "Biferat" {Spirit rF+ rN+ MR- Str+3}
   (You found it in the Dungeon)

   [amulet of guardian spirit]

   It causes incoming damage to be split between your health and magic.
   It affects your strength (+3).
   It protects you from fire.
   It protects you from negative energy.
   It affects your resistance to hostile enchantments.
 C - a +6 ring of dexterity
 D - a +6 ring of dexterity
 G - a +6 ring of strength (left hand)
 H - a +6 ring of strength (right hand)
Wands
 I - a wand of disintegration (7)
 J - a wand of iceblast (5)
 K - a wand of acid (7)
Scrolls
 k - 4 scrolls of blinking
 Q - 4 scrolls of amnesia
 R - 7 scrolls of fog
 S - 5 scrolls of identify
 T - 5 scrolls of remove curse
 U - 2 scrolls of fear
Potions
 d - 6 potions of might
 f - 10 potions of curing
 g - 10 potions of heal wounds
 h - 6 potions of haste
 i - 7 potions of magic
 j - 3 potions of berserk rage
 L - 2 potions of brilliance
 M - 2 potions of invisibility
 N - 4 potions of resistance
 P - 5 potions of agility
Miscellaneous
 B - a lightning rod (4/4)
Comestibles
 e - 6 rations {!d}


   Skills:
 + Level 12.7 Fighting
 * Level 16.8 Maces & Flails
 + Level 14.1 Armour
 + Level 11.4 Dodging
 + Level 13.9 Shields
 + Level 10.6 Invocations
 + Level 7.0 Evocations


You had 10 spell levels left.
You didn't know any spells.
Your spell library contained the following spells:

 Spells                   Type           Power        Failure   Level  Hunger
 Silence                  Hex/Air        #.........   100%        5    ######.
 Chain Lightning          Conj/Air       #.........   100%        8    #######


Dungeon Overview and Level Annotations

Branches:
Dungeon (1/1)

Altars:
Ashenzari
Cheibriados
Dithmenos
Elyvilon
Fedhas
Gozag
Hepliaklqana
Kikubaaqudgha
Lugonu
Makhleb
Nemelex Xobeh
Okawaru
Qazlal
Ru
Sif Muna
Trog
Uskayaw
Vehumet
Wu Jian
Xom
Yredelemnul
Zin
The Shining One
Beogh
Jiyva


Innate Abilities, Weirdness & Mutations

You reflexively headbutt those who attack you in melee.
You have a pair of horns on your head.


Message History

You block the ufetubus's attack. The eye of draining gazes at you.
You feel your power leaking away.
Qazlal's elemental power surges around you!
Clouds around you coalesce and take form!
You block the Executioner's attack. x5
The Executioner hits you but does no damage.
You block the Executioner's attack.
The Executioner hits you but does no damage.
The Executioner hits you.
* * * LOW HITPOINT WARNING * * *
Rych sneers, "Back with thee, thou gorbellied milk-livered pumpion!"
The ufetubus is struck by lightning.
You kill the ufetubus!
You block the ynoxinul's attack. The eye of draining gazes at you.
You feel your power leaking away. The smoke demon gestures at you.
Something smites you!
You die...

▓..}.:|}..▓
▓..)):})..▓...|:.)..▓
▓.........▓.........▓
▓.........▓.........▓
▓.........▓.........▓
▓....G3...▓.........▓
▓...5G34.E▓.▓.....▓†▓
▓....G3&15▓....©.††.▓
▓...5G§@3.▓▓▓▓▓▓▓▓▓▓▓
▓▓▓▓▓▓▓▓▓▓▓


You could see Rych (inner flame), an Executioner (inner flame), a soul eater, a
shining eye, a rust devil, 3 eyes of draining, 2 smoke demons, a ynoxinul (inner
flame), 3 ufetubi and a friendly water elemental.

Vanquished Creatures
  A bone dragon (D)
  A warmonger (D)
  2 yaktaur captains (D)
  2 sixfirhies (D)
  3 cyclopes (D)
  An apocalypse crab (D)
  A komodo dragon (D)
  3 yaktaurs (D)
  A jumping spider (D)
  A troll (D)
  3 yaks (D)
  Sigmund (D)
  7 starcursed masses (D)
  3 tarantellas (D)
  A fire bat (D)
  A neqoxec (D)
  A crocodile (D)
  A water moccasin (D)
  A phantom (D)
  3 ogres (D)
  A necrophage (D)
  A wolf (D)
  2 centaurs (D)
  A bullfrog (D)
  A wight (D)
  A crimson imp (D)
  A quasit (D)
  Jessica (D)
  An iguana (D)
  2 adders (D)
  A shadow imp (D)
  An adder zombie (D)
  An adder skeleton (D)
  A bat skeleton (D)
  A bat zombie (D)
  A jackal (D)
  2 ball pythons (D)
  2 giant cockroach zombies (D)
  A jackal zombie (D)
  A quokka skeleton (D)
  A quokka zombie (D)
63 creatures vanquished.

Notes
Turn   | Place    | Note
-------+----------+-------------------------------------------
     0 | D        | Freyura the Minotaur Fighter began the quest for the Orb.
     0 | D        | Reached XP level 1. HP: 19/19 MP: 0/0
     0 | D        | Found a shimmering blue altar of Sif Muna.
     0 | D        | Found a bloodstained altar of Trog.
     0 | D        | Found a sacrificial altar of Ru.
     0 | D        | Found a stormy altar of Qazlal.
     0 | D        | Found an iron altar of Okawaru.
     6 | D        | Found a sparkling altar of Nemelex Xobeh.
     7 | D        | Found the +7 great mace "Firestarter" {inner flame, rF++}
     7 | D        | Found the +6 Majin-Bo {vamp, *Drain Str+12 Int+24}
     7 | D        | Found a burning altar of Makhleb.
     7 | D        | Found a corrupted altar of Lugonu.
     7 | D        | Found an ancient bone altar of Kikubaaqudgha.
     7 | D        | Found a transporter.
     7 | D        | Found a viscous altar of Jiyva.
    12 | D        | Became a worshipper of Qazlal Stormbringer
    20 | D        | Found the +6 shillelagh "Devastator" {shatter}
    20 | D        | Found the +11 plutonium sword {*Contam Stlth-}
    20 | D        | Found the +8 lance "Wyrmbane" {slay drac, rPois rF+ rC+
                  | AC+3}
    20 | D        | Found the +9 sword of Zonguldrok {reap}
    20 | D        | Found the cursed +13 scythe of Curses {drain, *Curse}
    20 | D        | Found the +0 sword of Power
    20 | D        | Found the +7 mace of Variability {chain chaos}
    20 | D        | Found the +7 Singing Sword {slice}
    20 | D        | Found the +7 longbow "Piercer" {penet, EV-2}
    21 | D        | Found a hazy altar of Hepliaklqana.
    22 | D        | Found the +9 heavy crossbow "Sniper" {velocity, Acc+∞ SInv}
    22 | D        | Found the +10 dark maul {crush}
    22 | D        | Found the +15 Maxwell's patent armour {-Cast -Tele rElec
                  | MR+ rCorr}
    22 | D        | Found the +18 shield of the Gong {rElec rN+ MR+ EV-5}
    22 | D        | Found the cursed +14 obsidian axe {chop, +Fly SInv *Curse}
    37 | D        | Found a blossoming altar of Fedhas.
    39 | D        | Found an opulent altar of Gozag.
    98 | D        | Reached XP level 2. HP: 26/26 MP: 1/1
   111 | D        | Entered arena 2.
   111 | D        | Noticed Sigmund
   111 | D        | Noticed Jessica
   111 | D        | Found a transporter.
   112 | D        | Killed Jessica
   112 | D        | Reached skill level 3 in Maces & Flails
   112 | D        | Reached skill level 1 in Dodging
   112 | D        | Reached skill level 1 in Invocations
   112 | D        | Reached XP level 3. HP: 33/33 MP: 2/2
   114 | D        | Killed Sigmund
   114 | D        | Reached skill level 5 in Fighting
   114 | D        | Reached skill level 6 in Maces & Flails
   114 | D        | Reached XP level 4. HP: 42/42 MP: 2/5
   114 | D        | Reached XP level 5. HP: 48/48 MP: 2/6
   123 | D        | Entered arena 3.
   123 | D        | Noticed a yaktaur
   123 | D        | Noticed a yaktaur
   123 | D        | Noticed a centaur
   123 | D        | Found a transporter.
   128 | D        | Killed a centaur
   128 | D        | Reached * piety under Qazlal
   128 | D        | Reached skill level 7 in Maces & Flails
   128 | D        | Reached XP level 6. HP: 21/57 MP: 3/7
   130 | D        | Killed a yaktaur
   130 | D        | Reached skill level 8 in Maces & Flails
   130 | D        | Reached skill level 5 in Dodging
   130 | D        | Reached XP level 7. HP: 23/66 MP: 4/9
   131 | D        | Killed a yaktaur
   131 | D        | Reached skill level 9 in Maces & Flails
   131 | D        | Reached skill level 10 in Armour
   131 | D        | Reached skill level 5 in Invocations
   321 | D        | Got the cursed +0 pearl dragon scales "Woseq" {rPois rN+
                  | Str+8 Dex-4 Slay-4}
   325 | D        | Entered arena 4.
   325 | D        | Noticed a tarantella
   325 | D        | Noticed a jumping spider
   325 | D        | Noticed a tarantella
   325 | D        | Noticed a tarantella
   325 | D        | Found a transporter.
   326 | D        | Found the +8 trident of the Octopus King {venom, rElec
                  | rPois MR+}
   328 | D        | Killed a tarantella
   328 | D        | Reached ** piety under Qazlal
   328 | D        | Reached skill level 10 in Maces & Flails
   328 | D        | Reached skill level 10 in Shields
   330 | D        | Killed a jumping spider
   330 | D        | Reached XP level 8. HP: 28/75 MP: 11/11
   330 | D        | Reached skill level 11 in Maces & Flails
   535 | D        | Entered arena 5.
   535 | D        | Noticed a troll
   535 | D        | Found a transporter.
   538 | D        | Reached *** piety under Qazlal
   543 | D        | Killed a troll
   543 | D        | Reached skill level 12 in Maces & Flails
   572 | D        | Entered arena 6.
   572 | D        | Found a transporter.
   573 | D        | Found the +0 pair of fencer's gloves {Riposte Dex+6}
   574 | D        | Reached **** piety under Qazlal
   576 | D        | Reached XP level 9. HP: 81/84 MP: 13/13
   599 | D        | Entered arena 7.
   600 | D        | Found a transporter.
   602 | D        | Reached ***** piety under Qazlal
   617 | D        | Entered arena 8.
   618 | D        | Found a transporter.
   622 | D        | Reached ****** piety under Qazlal
   635 | D        | Entered arena 9.
   635 | D        | Noticed a yaktaur
   635 | D        | Noticed a yaktaur captain
   635 | D        | Noticed a cyclops
   635 | D        | Noticed a cyclops
   635 | D        | Noticed a yaktaur captain
   635 | D        | Noticed a cyclops
   636 | D        | Found a transporter.
   642 | D        | Killed a yaktaur captain
   642 | D        | Reached skill level 10 in Fighting
   642 | D        | Reached skill level 13 in Maces & Flails
   643 | D        | Killed a cyclops
   645 | D        | Killed a yaktaur
   645 | D        | Killed a cyclops
   645 | D        | Reached XP level 10. HP: 9/94 MP: 15/15
   645 | D        | Killed a cyclops
   645 | D        | Reached skill level 14 in Maces & Flails
   647 | D        | Killed a yaktaur captain
   973 | D        | Entered arena 10.
   973 | D        | Noticed a starcursed mass
   973 | D        | Noticed a bone dragon
   973 | D        | Noticed an apocalypse crab
   974 | D        | Found the +3 Elemental Staff {rElec rF++ rC++ MR++ AC+5}
   974 | D        | Found a transporter.
   981 | D        | Killed a starcursed mass
   981 | D        | Reached skill level 10 in Dodging
   981 | D        | Killed a starcursed mass
   981 | D        | Killed a starcursed mass
   981 | D        | Killed a starcursed mass
   986 | D        | Killed an apocalypse crab
   986 | D        | Reached skill level 15 in Maces & Flails
   986 | D        | Reached skill level 5 in Evocations
   988 | D        | Killed a bone dragon
   988 | D        | Reached skill level 10 in Invocations
   988 | D        | Reached XP level 11. HP: 18/104 MP: 11/17
   991 | D        | Reached skill level 16 in Maces & Flails
  1324 | D        | Got the +4 scale mail of the City {MR+}
  1326 | D        | Got the +2 ring mail of Spite {*Drain rElec Int+4}
  1330 | D        | Entered arena 11.
  1331 | D        | Found a transporter.
  1374 | D        | Got the Grimoire of the Birds
  1378 | D        | Got the amulet "Biferat" {Spirit rF+ rN+ MR- Str+3}
  1381 | D        | Entered arena 12.
  1381 | D        | Noticed a sixfirhy
  1381 | D        | Noticed a torturous warmonger
  1381 | D        | Noticed an Executioner
  1381 | D        | Noticed a soul eater
  1383 | D        | Noticed a sixfirhy
  1383 | D        | Noticed Rych the pandemonium lord
  1384 | D        | Killed a sixfirhy
  1384 | D        | Killed a sixfirhy
  1395 | D        | Noticed a shining eye
  1398 | D        | Killed a torturous warmonger
  1399 | D        | Killed from afar by a smoke demon

Skill      XL: |  1  2  3  4  5  6  7  8  9 10 11 |
---------------+----------------------------------+-----
Armour         | 7 8 9 10 11 12 13 14 | 14.1
Shields        | 7 8 9 10 11 12 13 | 13.9
Fighting       | 4 5 6 7 8 9 10 12 | 12.7
Maces & Flails | 3 6 7 8 10 12 13 15 16 | 16.8
Dodging        | 1 3 4 5 6 7 9 10 11 | 11.4
Invocations    | 1 3 4 6 7 8 10 | 10.6
Evocations     | 3 6 7 |  7.0

Action                   |  1- 3 |  4- 6 |  7- 9 | 10-12 || total
-------------------------+-------+-------+-------+-------++-------
Melee: Shillelagh        |     1 |     3 |    29 |    24 ||    57
       Headbutt          |       |     1 |     8 |    20 ||    29
       Staff             |       |       |       |    28 ||    28
Invok: Disaster Area     |       |       |       |     2 ||     2
       Elemental Force   |       |       |       |     1 ||     1
Evoke: Wand              |     1 |       |     1 |       ||     2
       Lightning rod     |       |       |     1 |       ||     1
  Use: Potion            |     1 |       |       |       ||     1
  Eat: Ration            |       |       |       |     1 ||     1
Armor: Gold dragon scale |     1 |     3 |    18 |    46 ||    68
Dodge: Dodged            |       |       |     4 |    15 ||    19
Block: Large shield      |     1 |    11 |    40 |   121 ||   173
       Rpst.: Shillelagh |       |       |     1 |       ||     1
       Staff             |       |       |       |     1 ||     1
